 Dungeon Sprint DCSS version 0.29.1-15-g9cfb28693d (webtiles) character file.

Game seed: 6519937984634584243

9777 Groucho the Ninja (level 11, 58/58 HPs)
             Began as a Felid Berserker on Feb 26, 2023.
             Was a High Priest of Trog.
             Got out of the dungeon alive.
             The game lasted 00:17:26 (4271 turns).

Groucho the Ninja (Felid Berserker)                 Turns: 4271, Time: 00:17:27

Health: 58/58      AC:  3    Str: 12    XL:     11   Next: 27%
Magic:  12/12      EV: 36    Int:  8    God:    Trog [*****.]
Gold:   1733       SH:  0    Dex: 24    Spells: 10/10 levels left
                                        Lives:  1   Deaths: 1

rFire   . . .      SeeInvis +     - Unarmed
rCold   + + .      Faith    .   (shield unavailable)
rNeg    . . .      Spirit   .   (body armour unavailable)
rPois   .          Reflect  .   (helmet unavailable)
rElec   .          Harm     .   (cloak unavailable)
rCorr   .          Rampage  .   (gloves unavailable)
Will    +....      NoTele   +   (boots unavailable)
Stlth   ++++++++++              (no amulet)
HPRegen 0.19/turn               k - ring of flight
MPRegen 0.13/turn               b - ring of protection from cold

@: flying, quick
A: very small, claws 1, fangs 3, see invisible, speed 1, shaggy fur 3, stealthy
paws, no weapons or thrown items, no armour, multi-lived, agile 1, evolution 1
a: Renounce Religion, Berserk, Trog's Hand, Brothers in Arms


You escaped.
You worshipped Trog.
Trog was extremely pleased with you.
You visited 1 branch You collected 3496 gold pieces.
You spent 1763 gold pieces at shops.

Inventory:

Jewellery
 b - a ring of protection from cold (right paw)
 k - a ring of flight (left paw)
 l - the ring of the Sharp God {EV+4 Str+3}
   (You found it in the Dungeon)

   [ring of evasion]

   EV:        It affects your evasion (+4).
   Str:       It affects your strength (+3).
 m - a ring of ice
Wands
 g - a wand of flame (11)
 h - a wand of paralysis (4)
Scrolls
 f - 4 scrolls of identify {unknown}
 j - 2 scrolls of acquirement
 n - a scroll of poison {unknown}
 p - a scroll of amnesia {unknown}
 q - a scroll of fear {unknown}
 r - a scroll of immolation {unknown}
Potions
 a - 3 potions of curing
 c - 2 potions of haste
 d - 2 potions of magic
 e - a potion of berserk rage
 i - a potion of invisibility
 s - a potion of heal wounds


   Skills:
 + Level 13.5 Fighting
 + Level 17.2 Dodging
 O Level 27 Stealth
 * Level 16.9 Unarmed Combat


You had 10 spell levels left.
You didn't know any spells.
Your spell library was empty.

Dungeon Overview and Level Annotations

Branches:
Dungeon (1/1)

Altars:
Cheibriados
Dithmenos
Elyvilon
Fedhas
Gozag
Hepliaklqana
Kikubaaqudgha
Makhleb
Nemelex Xobeh
Okawaru
Qazlal
Ru
Sif Muna
Trog
Uskayaw
Vehumet
Wu Jian
Xom
Yredelemnul
Zin
The Shining One
Jiyva
Lugonu

Shops:
D *(!([?:?*?[=((***!([!!


Innate Abilities, Weirdness & Mutations

You have sharp claws.
You have razor-sharp teeth.
You have supernaturally acute eyesight. (SInv)
You cover ground quickly. (Speed+)
Your thick and shaggy fur keeps you warm. (AC +3, rC+)
Your paws help you pounce on unaware monsters.
You are incapable of wielding weapons or throwing items.
You cannot wear armour.
You gain extra lives every three experience levels.
You are agile. (Dex +4, Str/Int -1)
You have hidden genetic potential.


Message History

Okay, then.
You reach down and open the door.
Really fly into a travel-excluded area?
There is an open door here.
You are engulfed in noxious fumes.
This door is marked as excluded!
Open it anyway?
Okay, then.
Unknown command.
This door is marked as excluded!
Open it anyway?
You reach down and open the door.
There is an open door here.
Which direction?
You reach down and close the door.
Unknown command.
Unknown command.
You start waiting.
You start waiting.
Done waiting.
There is an open door here.
There is an open door here.
There is an open door here.
There is an open door here.
There is an open door here.
Things that are here:
a +0 robe; a +0 scythe
There is an open door here.
There is an open door here.
Things that are here:
a +0 leather armour; a +2 dagger of venom
There is an open door here.
There is a staircase leading out of the dungeon here.
Are you sure you want to leave the Dungeon?
This will make you lose the game!
Alright, then stay!
Unknown command.
Are you sure you want to leave the Dungeon?
This will make you lose the game!
Alright, then stay!
Are you sure you want to leave the Dungeon?
This will make you lose the game!
Alright, then stay!
Are you sure you want to leave the Dungeon?
This will make you lose the game!
You have escaped!

##################
#@.#.['..#.['..#__
#..'.)#..'..#..'..
#..#####'#####'#__
#..####..#...#[###
#..#__####..##(#§~
#..#_____##'#_.'~§
#⌠⌠#_.∩...'..._#§§
####_..__##_.#'##+
#_____###'#)#[.


There were no monsters in sight!

Vanquished Creatures
  A golden dragon (D)
  A shadow dragon (D)
  A lorocyproca (D)
  2 centaur warriors (D)
  Sonja (D)
  A deep troll (D)
  A lindwurm (D)
  An oklob plant (D)
  2 kobold demonologists (D)
  5 unseen horrors (D)
  A hornet (D)
  A slime creature (D)
  Sigmund (D)
  A yak (D)
  13 hogs (D)
  2 redbacks (D)
  2 floating eyes (D)
  An ogre (D)
  A necrophage (D)
  8 jellies (D)
  Ijyb (D)
  A ballistomycete spore (D)
49 creatures vanquished.

Vanquished Creatures (collateral kills)
  A hydra (D)
  8 shining eyes (D)
  A gargoyle (D)
  4 demonic crawlers (D)
  2 unseen horrors (D)
  5 floating eyes (D)
  6 necrophages (D)
27 creatures vanquished.

Vanquished Creatures (others)
  A ballistomycete spore (D)
1 creature vanquished.

Grand Total: 77 creatures vanquished

Notes
Turn   | Place    | Note
-------+----------+-------------------------------------------
     0 | D        | Groucho the Felid Berserker began the quest for the Orb.
     0 | D        | Reached XP level 1. HP: 10/10 MP: 2/2
     2 | D        | Noticed Ijyb
     6 | D        | Killed Ijyb
     7 | D        | Reached skill level 8 in Stealth
     7 | D        | Reached XP level 2. HP: 14/14 MP: 3/3
   228 | D        | Noticed an ogre
   232 | D        | Killed an ogre
   233 | D        | Reached skill level 12 in Stealth
   233 | D        | Reached XP level 3. HP: 17/17 MP: 4/4
   233 | D        | Reached XP level 4. HP: 21/21 MP: 5/5
   389 | D        | Noticed Sigmund
   391 | D        | Killed Sigmund
   391 | D        | Reached ** piety under Trog
   392 | D        | Reached skill level 16 in Stealth
   392 | D        | Reached XP level 5. HP: 24/24 MP: 6/6
   415 | D        | Found a shimmering blue altar of Sif Muna.
   416 | D        | Found an ornate altar of the Wu Jian Council.
   417 | D        | Found a radiant altar of Vehumet.
   422 | D        | Reached skill level 17 in Stealth
   422 | D        | Gained mutation: You are covered in thick fur. (AC +2)
                  | [Felid growth]
   422 | D        | Reached XP level 6. HP: 28/28 MP: 7/7
   452 | D        | Found Ykkub's Antique Weapon Emporium.
   452 | D        | Found an ancient bone altar of Kikubaaqudgha.
   452 | D        | Found a hazy altar of Hepliaklqana.
   452 | D        | Found a stormy altar of Qazlal.
   452 | D        | Found a hide-covered altar of Uskayaw.
   452 | D        | Found a blossoming altar of Fedhas.
   452 | D        | Found a bloodstained altar of Trog.
   452 | D        | Found an iron altar of Okawaru.
   452 | D        | Found a basalt altar of Yredelemnul.
   452 | D        | Found a glowing golden altar of the Shining One.
   452 | D        | Found a snail-covered altar of Cheibriados.
   452 | D        | Found a sacrificial altar of Ru.
   452 | D        | Found a glowing silver altar of Zin.
   452 | D        | Found a shadowy altar of Dithmenos.
   452 | D        | Found a white marble altar of Elyvilon.
   452 | D        | Noticed a yak
   453 | D        | Found an opulent altar of Gozag.
   454 | D        | Killed a yak
   455 | D        | Reached skill level 19 in Stealth
   455 | D        | Found a sparkling altar of Nemelex Xobeh.
   473 | D        | Found a burning altar of Makhleb.
   473 | D        | Found a shimmering altar of Xom.
   473 | D        | Noticed a slime creature
   474 | D        | Found a viscous altar of Jiyva.
   474 | D        | Found a corrupted altar of Lugonu.
   476 | D        | Killed a slime creature
   477 | D        | Reached skill level 5 in Dodging
   477 | D        | Reached skill level 20 in Stealth
   477 | D        | Reached XP level 7. HP: 32/32 MP: 8/8
   504 | D        | Noticed a centaur warrior
   685 | D        | Noticed a centaur warrior
   689 | D        | Killed a centaur warrior
   689 | D        | Reached *** piety under Trog
   690 | D        | Reached skill level 5 in Fighting
   690 | D        | Reached skill level 21 in Stealth
   690 | D        | Reached skill level 5 in Unarmed Combat
   690 | D        | Reached XP level 8. HP: 38/38 MP: 9/9
   690 | D        | Killed a centaur warrior
   691 | D        | Reached skill level 22 in Stealth
   698 | D        | Noticed a hornet
   701 | D        | Killed a hornet
   702 | D        | Reached XP level 9. HP: 43/43 MP: 10/10
   714 | D        | Noticed an oklob plant
  1086 | D        | Killed an oklob plant
  1087 | D        | Reached skill level 10 in Dodging
  1087 | D        | Reached skill level 23 in Stealth
  1306 | D        | Reached **** piety under Trog
  1336 | D        | Noticed an unseen horror
  1337 | D        | Noticed an unseen horror
  1343 | D        | Killed an unseen horror
  1345 | D        | Killed an unseen horror
  1346 | D        | Reached skill level 24 in Stealth
  1350 | D        | Reached ***** piety under Trog
  1641 | D        | Reached XP level 10. HP: 49/49 MP: 11/11
  1671 | D        | Identified the +2 pair of gloves "Hytzouf" {Rampage rN+}
  1685 | D        | Found Wosh's Magic Scroll Shoppe.
  1685 | D        | Found Cesy's Book Shop.
  1685 | D        | Found Guasosa's Assorted Antiques.
  1687 | D        | Found Zoeroplu's Magic Scroll Emporium.
  1687 | D        | Found Usiafoebb's Antique Armour Shop.
  1687 | D        | Found Emolog's Jewellery Shoppe.
  1687 | D        | Found Bemen's Weapon Boutique.
  1687 | D        | Found Igereof's Antique Weapon Emporium.
  1687 | D        | Found Ryom's General Store.
  1687 | D        | Found Isoot Piocep's General Store.
  1691 | D        | Found Nuov's Assorted Antiques.
  1692 | D        | Found Teeshish's Antique Weapon Emporium.
  1692 | D        | Found Jaakh's Distillery.
  1693 | D        | Found Leggihuze's Distillery.
  1702 | D        | Bought a potion of invisibility for 80 gold pieces
  1707 | D        | Bought a scroll of acquirement for 676 gold pieces
  1715 | D        | Bought a copper ring for 115 gold pieces
  1771 | D        | Noticed a deep troll
  1777 | D        | Killed a deep troll
  1778 | D        | Reached skill level 10 in Unarmed Combat
  1811 | D        | Found Yqisau Salyi's Armour Emporium.
  1826 | D        | Noticed Sonja
  1829 | D        | Killed Sonja
  1881 | D        | Found Mugiodwu's Assorted Antiques.
  1919 | D        | Reached ****** piety under Trog
  1922 | D        | Reached skill level 10 in Fighting
  1941 | D        | Reached skill level 25 in Stealth
  1956 | D        | Noticed a gargoyle
  1961 | D        | Killed a gargoyle
  2440 | D        | Noticed a lindwurm
  2442 | D        | Killed a lindwurm
  2452 | D        | Reached XP level 11. HP: 55/55 MP: 12/12
  2634 | D        | Noticed a 12-headed hydra
  2638 | D        | Paralysed by a floating eye for 2 turns
  2645 | D        | Killed a 12-headed hydra
  3070 | D        | Noticed a shining eye
  3070 | D        | Noticed a shining eye
  3070 | D        | Noticed a shining eye
  3070 | D        | Noticed a shining eye
  3070 | D        | Noticed a shining eye
  3070 | D        | Noticed a shining eye
  3071 | D        | Killed a shining eye
  3072 | D        | Reached skill level 15 in Dodging
  3072 | D        | Reached skill level 26 in Stealth
  3073 | D        | Noticed a shining eye
  3074 | D        | Noticed a shining eye
  3074 | D        | Killed a shining eye
  3074 | D        | Gained mutation: You are frail. (-10% HP) [a shining eye]
  3075 | D        | Killed a shining eye
  3075 | D        | Killed a shining eye
  3078 | D        | Killed a shining eye
  3079 | D        | Killed a shining eye
  3080 | D        | Reached skill level 15 in Unarmed Combat
  3080 | D        | Killed a shining eye
  3081 | D        | Killed a shining eye
  3088 | D        | Found Xilud's Antique Weapon Shoppe.
  3088 | D        | Found Dosodi's Armour Shop.
  3088 | D        | Found Parraf's Distillery.
  3088 | D        | Found Hajaw's Magic Scroll Boutique.
  3097 | D        | Bought a scroll of acquirement for 520 gold pieces
  3104 | D        | Bought a potion of mutation for 112 gold pieces
  3104 | D        | Lost mutation: You are frail. (-10% HP) [potion of
                  | mutation]
  3104 | D        | Gained mutation: You are weak. (Str -2) [potion of
                  | mutation]
  3104 | D        | Gained mutation: You are very weak. (Str -4) [potion of
                  | mutation]
  3104 | D        | Lost mutation: You are very weak. (Str -4) [potion of
                  | mutation]
  3105 | D        | Lost mutation: You are weak. (Str -2) [potion of mutation]
  3105 | D        | Gained mutation: You are agile. (Dex +4, Str/Int -1)
                  | [potion of mutation]
  3105 | D        | Gained mutation: You have hidden genetic potential. [potion
                  | of mutation]
  3222 | D        | Noticed a shadow dragon
  3223 | D        | Noticed a golden dragon
  3227 | D        | Killed a shadow dragon
  3229 | D        | Killed a golden dragon
  3230 | D        | Gained mutation: Your thick and shaggy fur keeps you warm.
                  | (AC +3, rC+) [Felid growth]
  3230 | D        | Reached XP level 12. HP: 63/63 MP: 13/13
  3230 | D        | Identified the ring of the Sharp God {EV+4 Str+3}
  3238 | D        | Found Wyox's Distillery.
  3245 | D        | Bought a potion of resistance for 130 gold pieces
  3245 | D        | Bought a potion of haste for 130 gold pieces
  3590 | D        | Noticed a daeva
  3597 | D        | Reached skill level 27 in Stealth
  4029 | D        | Found the +8 trishula "Condemnation" {holy, anguish, *Noise
                  | Fly rN+}
  4036 | D        | Noticed a fire giant
  4039 | D        | Noticed a fire giant
  4040 | D        | Noticed a fire giant
  4041 | D        | Noticed a fire giant
  4043 | D        | Killed from afar by a fire giant
  4044 | D        | Reached XP level 11. HP: -8/58 MP: 12/12
  4049 | D        | Noticed a lorocyproca
  4052 | D        | Killed a lorocyproca
  4271 | D        | Got out of the dungeon alive.

Illustrated notes

Levels and vault maps discovered:
D:        dungeon_sprint_1 [red_sonja_temple_1, red_sonja_temple_small_1]

Skill      XL: |  1  2  3  4  5  6  7  8  9 10 11 12 |
---------------+-------------------------------------+-----
Stealth        | 8 12 16 17 20 21 22 24 25 26 27 | 27.0
Fighting       | 4 5 7 9 10 13 | 13.5
Dodging        | 5 7 9 11 13 16 17 | 17.2
Unarmed Combat | 4 5 7 9 12 16 | 16.9

Action                   |  1- 3 |  4- 6 |  7- 9 | 10-12 || total
-------------------------+-------+-------+-------+-------++-------
Melee: Unarmed           |     4 |     4 |    44 |    47 ||    99
       Bite              |     2 |       |     7 |     2 ||    11
       Punch             |       |       |     2 |     2 ||     4
Invok: Berserk           |     2 |       |     4 |     2 ||     8
       Trog's Hand       |       |       |     3 |     2 ||     5
       Brothers in Arms  |       |       |     1 |    11 ||    12
  Use: Scroll            |       |       |     1 |       ||     1
       Potion            |       |       |       |     5 ||     5
 Stab: Sleeping          |       |     4 |     9 |    22 ||    35
Armor: Skin              |       |       |     1 |     1 ||     2
Dodge: Dodged            |     4 |       |    25 |    78 ||   107
